 Dungeon Crawl Stone Soup version 0.29.0-4-gdea44cf6ec (webtiles) character file.

Game seed: 18313652297053612372

66 qw the Chopper (level 4, 0/26 HPs)
             Began as a Tengu Warper on Aug 28, 2022.
             Slain by a goblin
             ... wielding a +0 club
             ... led by Robin
              (1 damage)
             ... on level 2 of the Dungeon.
             The game lasted 00:00:09 (2069 turns).

qw the Chopper (Tengu Warper)                       Turns: 2069, Time: 00:00:09

Health: 0/26       AC: 10    Str: 13 (14) XL:     4   Next: 15%
Magic:  8/8        EV:  6    Int: 12 (13) God:
Gold:   17         SH:  0    Dex: 11 (13) Spells: 7/7 levels left

rFire   + . .      SeeInvis .   Y - +0 hand axe
rCold   . . .      Faith    .   (no shield)
rNeg    . . .      Spirit   .   l - +0 chain mail
rPois   .          Reflect  .   a - +2 hat {Will+}
rElec   .          Harm     .   (no cloak)
rCorr   .          Rampage  .   (no gloves)
Will    +....                   (boots unavailable)
Stlth   ..........              (no amulet)
HPRegen 0.08/turn               k - ring of protection from fire
MPRegen 0.11/turn               (no ring)

@: no status effects
A: beak, talons 3
a: no special abilities


You were on level 2 of the Dungeon.
You visited 1 branch of the dungeon, and saw 2 of its levels.

You collected 17 gold pieces.


Innate Abilities, Weirdness & Mutations

You have a beak for a mouth.
You have claws for feet.


   Skills:
 - Level 2.0 Fighting
 + Level 4.7 Axes
 - Level 1.0 Throwing
 - Level 1.1 Armour
 - Level 2.1 Dodging
 - Level 2.0 Spellcasting
 - Level 2.4 Translocations


You had 7 spell levels left.
You didn't know any spells.
Your spell library contained the following spells:

 Spells                   Type           Power      Damage    Failure   Level
 Blink                    Tloc           12%        N/A       99%         2
 Gell's Gravitas          Tloc           6%         N/A       100%        3
 Lesser Beckoning         Tloc           6%         N/A       100%        3
 Teleport Other           Tloc           6%         N/A       100%        3
 Manifold Assault         Tloc           6%         N/A       100%        5

Inventory:

Hand Weapons
 i - a +0 whip
 Y - a +0 hand axe (weapon)
Armour
 a - a +2 hat of willpower (worn)
 l - a +0 chain mail (worn)
Jewellery
 k - a ring of protection from fire (left hand)
Potions
 d - 3 potions of attraction {unknown}
 e - 2 potions of curing

Dungeon Overview and Level Annotations

Branches:
Dungeon (2/15)

Altars:

Annotations:
D:2 Robin


Message History

You closely miss the goblin. You hit the goblin.
You kill the goblin!
Robin hits you but does no damage. The jackal barely misses you.
The goblin hits you with a +0 club.
You hit the goblin. You claw the goblin.
You kill the goblin!
You hit the jackal but do no damage.
The jackal bites you but does no damage.
Robin throws the goblin at you! The goblin hits you but does no damage.
You hit the jackal. Your peck misses the jackal.
The jackal is severely wounded.
You hit the goblin.
The jackal bites you but does no damage.
Robin roars a battlecry!
The goblin goes into a battle-frenzy!
The goblin hits you but does no damage. The jackal barely misses you.
You hit the jackal.
You kill the jackal!
You hit the goblin but do no damage. Robin hits you but does no damage.
The goblin barely misses you.
You hit the goblin.
You kill the goblin!
You hit the endoplasm but do no damage. Robin throws the goblin at you!
The goblin hits you with a +0 club.
The endoplasm hits you but does no damage.
You feel your strength returning.
You completely miss the endoplasm. You barely miss the goblin.
The endoplasm freezes you.
You are frozen.
Robin hits you but does no damage. The goblin hits you but does no damage.
You hit the endoplasm. You claw the endoplasm.
You kill the endoplasm!
You closely miss the goblin. Robin hits you but does no damage.
The goblin barely misses you.
You slash the goblin!
You kill the goblin!
You barely miss the goblin. Robin hits you but does no damage.
The goblin hits you but does no damage. Robin hits you but does no damage.
The goblin hits you with a +0 club.
You die...

#.# #)#.#.#
##.###.#.....##
#.# #####...#.#
#.####.#####..
#.# #.........#
#.............
..#
#.###.###.###
############.#
.## #.#.....#
#.# #.#.....#
#.# ........)#
#.#
##.#....)#######
#.#
#.#....@g......
#..
#.###g#)######.
...#.# ##.##.#
#g #.# #. #.#
... #.#


You could see Robin and a goblin (strong).

Vanquished Creatures
  2 adders
  A dart slug (D:1)
  A ball python (D:2)
  3 bats
  4 endoplasms
  2 giant cockroaches (D:1)
  12 goblins
  2 hobgoblins (D:1)
  3 jackals (D:2)
  6 kobolds
  2 quokkas
  2 rats (D:1)
40 creatures vanquished.

Notes
Turn   | Place    | Note
-------+----------+-------------------------------------------
     0 | D:1      | qw the Tengu Warper began the quest for the Orb.
     0 | D:1      | Reached XP level 1. HP: 12/12 MP: 4/4
     0 | D:1      | 0 ||| qw: Version: 0.1-a-89-g26bdef1
     0 | D:1      | 0 ||| qw: Game counter: 1828
     0 | D:1      | 0 ||| qw: Always use a shield: true
     0 | D:1      | 0 ||| qw: God list: Okawaru
     0 | D:1      | 0 ||| qw: Allow faded altars: false
     0 | D:1      | 0 ||| qw: Do Orc after D:15 true
     0 | D:1      | 0 ||| qw: Do second Lair branch before Depths: true
     0 | D:1      | 0 ||| qw: Lair rune preference: random
     0 | D:1      | 0 ||| qw: Plans: Normal
     0 | D:1      | 0 ||| PLANNING D:1-11
   120 | D:1      | HP: 3/12 [kobold/+0 club (2)]
   121 | D:1      | HP: 1/12 [kobold/+0 club (2)]
   125 | D:1      | 125 ||| Stepping ~*~*~tactically~*~*~ (stealth).
   377 | D:1      | Found a faded altar of an unknown god.
   431 | D:1      | Reached XP level 2. HP: 17/17 MP: 6/6
   433 | D:1      | Reached skill level 3 in Axes
   903 | D:1      | 903 ||| Stepping ~*~*~tactically~*~*~ (stealth).
   905 | D:1      | 905 ||| Stepping ~*~*~tactically~*~*~ (hiding).
  1508 | D:1      | Reached XP level 3. HP: 21/21 MP: 7/7
  1551 | D:1      | 1551 ||| UPGRADING to +0 chain mail.
  1561 | D:1      | 1561 ||| DROPPING +0 leather armour.
  1562 | D:1      | 1562 ||| UPGRADING to ring of protection from fire.
  1563 | D:1      | 1563 ||| READING scroll labelled HUEDILU PUNALE.
  1564 | D:1      | 1564 ||| READING scroll labelled KALOORRUIS.
  1564 | D:1      | Identified a scroll of acquirement
  1564 | D:1      | 1564 ||| ACQUIRING +2 hat of willpower
  1564 | D:1      | Acquired a +2 hat of willpower
  1566 | D:1      | 1566 ||| UPGRADING to +2 hat of willpower.
  1571 | D:1      | 1571 ||| READING scroll labelled TESTYUGGIRCHE.
  1572 | D:1      | 1572 ||| DRINKING 3 lumpy orange potions.
  1573 | D:1      | 1573 ||| DRINKING 2 viscous amethyst potions.
  1574 | D:1      | 1574 ||| DRINKING 4 metallic emerald potions.
  1575 | D:1      | 1575 ||| DROPPING scroll of blinking.
  1576 | D:1      | 1576 ||| DROPPING potion of flight.
  1577 | D:1      | 1577 ||| DROPPING 3 potions of degeneration.
  1596 | D:2      | 1596 ||| STAIRDANCE
  1600 | D:1      | Reached skill level 4 in Axes
  2039 | D:2      | 2039 ||| Stepping ~*~*~tactically~*~*~ (hiding).
  2041 | D:2      | 2041 ||| Stepping ~*~*~tactically~*~*~ (hiding).
  2057 | D:2      | Reached XP level 4. HP: 15/26 MP: 8/8
  2059 | D:2      | Noticed Robin
  2062 | D:2      | HP: 6/26 [goblin/+0 club[Robin] (2)]
  2066 | D:2      | HP: 2/26 [goblin/+0 club[Robin] (4)]
  2069 | D:2      | Slain by a goblin

Levels and vault maps discovered:
D:1:      amcnicky_arrival_gap_in_the_tavern_cellar, layout_loops_corners,
          basic_ecumenical_altar
D:2:      layout_loops_ring, grunt_decor_junction, uniq_robin

Skill      XL: |  1  2  3 |
---------------+----------+-----
Axes           | 3 4 |  4.7
Fighting       | |  2.0
Throwing       | |  1.0
Armour         | |  1.1
Dodging        | |  2.1
Spellcasting   | |  2.0
Translocations | |  2.4

Action                   |  1- 3 |  4- 6 || total
-------------------------+-------+-------++-------
Melee: Hand axe          |    87 |    13 ||   100
       Peck              |     9 |       ||     9
       Kick              |    19 |     3 ||    22
Throw: Boomerang         |     7 |       ||     7
  Use: Scroll            |     3 |       ||     3
       Potion            |     3 |       ||     3
 Stab: Distracted        |     1 |       ||     1
Armor: Leather armour    |    10 |       ||    10
       Chain mail        |    35 |    24 ||    59
Dodge: Dodged            |    35 |     5 ||    40

Table legend:
 A = Non-vault XP
 B = Vault XP
 C = Vault XP percentage of total XP
 D = Non-vault monster count
 E = Vault monster count
 F = Vault count percentage of total count
                 A         B        C        D         E       F
            +---------+---------+-------+---------+---------+-------
      Total |      78 |      19 |  19.6 |      30 |      10 |  25.0
            +---------+---------+-------+---------+---------+-------
        D:1 |      48 |       0 |   0.0 |      20 |       0 |   0.0
        D:2 |      30 |      19 |  38.8 |      10 |      10 |  50.0
            +---------+---------+-------+---------+---------+-------
